Map: [ESL] Data-C

Players

ForJumy

  • Race: Protoss Protoss
  • Spawn Location: 3:00

Serral - Winner!

  • Race: Zerg Zerg
  • Spawn Location: 9:00

Event: DreamHack SC2 Masters 2022 Atlanta (Online)

VOD

Have the link to the VOD?

Description

Time

  • Played on: Oct. 4, 2022, 10:09 a.m.
  • Length: 7:43

All games in this series

Show
View Real Time Build Order
Export as new Build Order

ForJumy Protoss 

Build Orders: 1 Gate Expand, Oracle Opening, Zealot Archon, Archon Drop 

Get SALT Encoding   

  12  0:00  Probe  
  13  0:12  Probe  
  14  0:18  Pylon  
  14  0:24  Probe  
  15  0:36  Probe (Chrono Boost)  
  15  0:40  Gateway  
  16  0:48  Probe (Chrono Boost)  
  17  0:50  Assimilator  
  17  0:53  Probe (Chrono Boost)  
  18  1:03  Probe  
  19  1:15  Probe  
  20  1:27  Cybernetics Core  
  20  1:38  Nexus  
  20  1:45  Zealot (Chrono Boost)  
  22  1:48  Probe  
  23  1:55  Pylon  
  23  2:00  Assimilator  
  23  2:11  Adept (Chrono Boost)  
  23  2:13  Probe  
  26  2:25  Probe  
  26  2:27  Stargate  
  26  2:37  Probe  
  26  2:39  Adept  
  26  2:41  Warp Gate  
  29  2:49  Probe (Chrono Boost)  
  29  2:50  Probe (Chrono Boost)  
  33  2:59  Probe x2 (Chrono Boost)  
  33  3:04  Probe x2 (Chrono Boost)  
  35  3:18  Probe (Chrono Boost)  
  35  3:19  Probe (Chrono Boost)  
  41  3:20  Void Ray  
  41  3:26  Pylon  
  41  3:31  Probe (Chrono Boost)  
  41  3:32  Probe (Chrono Boost)  
  43  3:39  Probe  
  44  3:44  Probe  
  44  3:48  Nexus  
  45  3:52  Probe  
  46  3:56  Oracle (Chrono Boost), Probe  
  50  4:04  Probe  
  50  4:05  Pylon  
  50  4:08  Probe  
  52  4:10  Assimilator  
  52  4:15  Assimilator  
  52  4:16  Probe  
  53  4:20  Probe  
  54  4:24  Twilight Council  
  54  4:26  Forge  
  54  4:31  Probe  
  55  4:32  Probe  
  56  4:41  Shield Battery  
  56  4:43  Probe  
  56  4:44  Probe  
  58  4:46  Gateway, Pylon  
  58  4:53  Charge  
  58  4:58  Probe (Chrono Boost)  
  60  5:00  Protoss Ground Weapons Level 1 (Chrono Boost), Probe (Chrono Boost)  
  60  5:01  Probe (Chrono Boost)  
  61  5:09  Probe (Chrono Boost)  
  61  5:11  Robotics Facility, Probe (Chrono Boost)  
  61  5:12  Probe (Chrono Boost)  
  64  5:16  Gateway x2  
  64  5:17  Probe  
  65  5:25  Probe, Gateway  
  66  5:29  Gateway  
  66  5:31  Templar Archives  
  66  5:38  Pylon  
  66  5:42  Zealot x2  
  70  5:45  Pylon  
  70  5:46  Probe  
  70  5:47  Probe  
  70  5:48  Probe  
  73  5:55  Warp Prism (Chrono Boost)  
  71  5:59  Probe x2  
  71  6:03  Gateway  
  75  6:05  Gateway  
  75  6:08  High Templar  
  75  6:09  High Templar  
  75  6:11  High Templar  
  81  6:12  High Templar  
  81  6:15  Archon  
  81  6:17  Archon  
  81  6:18  Pylon  
  83  6:22  Zealot  
  83  6:23  Probe x2  
  82  6:43  Zealot x5  
  82  6:44  Observer (Chrono Boost)  
  93  6:51  Probe  
  94  6:56  Probe  
  94  7:01  Zealot x3  
  101  7:04  Zealot x5  
  103  7:09  Pylon x3  
  97  7:16  Probe  
  97  7:22  Zealot x3  
  104  7:25  Zealot x4  
  102  7:34  Zealot  
Show
View Real Time Build Order
Export as new Build Order

Serral Zerg - Winner!

Build Orders: Pool First 

Get SALT Encoding   

  12  0:00  Drone  
  13  0:12  Overlord  
  13  0:16  Drone  
  14  0:30  Drone x2  
  16  0:38  Drone  
  17  0:46  Spawning Pool  
  16  1:04  Drone  
  17  1:11  Hatchery  
  17  1:15  Drone  
  17  1:23  Drone  
  17  1:25  Extractor  
  17  1:32  Zergling x2, Queen  
  19  1:37  Drone  
  21  1:42  Overlord  
  21  1:49  Drone  
  22  2:00  Drone  
  23  2:07  Queen  
  25  2:10  Drone  
  26  2:21  Drone  
  27  2:23  Drone  
  28  2:31  Metabolic Boost  
  28  2:33  Drone  
  28  2:34  Drone  
  30  2:39  Hatchery  
  30  2:43  Drone  
  30  2:44  Drone  
  31  2:51  Queen  
  31  2:55  Overlord  
  33  2:58  Drone  
  33  3:02  Drone  
  33  3:04  Drone  
  36  3:09  Overlord  
  36  3:14  Queen  
  36  3:19  Drone  
  39  3:20  Drone x2  
  39  3:23  Drone x2  
  39  3:26  Drone  
  44  3:32  Overlord  
  44  3:33  Drone  
  44  3:36  Queen  
  44  3:40  Overlord  
  46  3:41  Drone  
  46  3:46  Drone  
  48  3:49  Zergling x4  
  48  3:50  Zergling x2  
  48  3:52  Drone x2  
  53  3:57  Queen  
  53  4:00  Drone x2  
  57  4:06  Spore Crawler  
  57  4:08  Spore Crawler  
  57  4:09  Drone x3  
  58  4:12  Drone  
  58  4:14  Zergling x2  
  60  4:19  Drone x4  
  64  4:25  Zergling x2, Roach Warren  
  64  4:28  Overlord  
  64  4:30  Drone x2  
  66  4:33  Drone  
  66  4:38  Lair  
  67  4:39  Drone, Extractor  
  67  4:42  Drone  
  68  4:52  Drone x2, Hatchery  
  69  4:59  Drone x6  
  75  5:00  Drone, Evolution Chamber  
  75  5:01  Drone  
  75  5:02  Drone  
  75  5:03  Drone  
  78  5:08  Overlord  
  78  5:09  Overlord, Extractor  
  78  5:10  Extractor  
  78  5:12  Overlord  
  76  5:17  Overlord  
  76  5:20  Overlord  
  76  5:25  Queen  
  76  5:27  Zerg Missile Weapons Level 1  
  76  5:28  Drone x5  
  83  5:31  Zergling x6  
  86  5:36  Glial Reconstitution, Drone x2  
  86  5:38  Overseer  
  86  5:39  Overlord  
  88  5:45  Overlord  
  88  5:46  Roach x3  
  94  5:52  Roach x5  
  94  5:53  Overlord  
  103  5:58  Overlord x2  
  103  6:02  Roach x3  
  109  6:09  Overlord  
  109  6:14  Roach  
  109  6:15  Roach x4  
  119  6:20  Overlord  
  119  6:24  Roach x5  
  128  6:30  Roach x4  
  128  6:31  Roach  
  138  6:38  Roach  
  138  6:39  Roach x3  
  146  6:42  Overlord x2  
  146  6:45  Roach x3  
  152  6:50  Roach x2  
  156  6:59  Roach x2  
  159  7:04  Roach  
  159  7:05  Roach x3  
  159  7:06  Zergling x10  
  170  7:08  Overlord  
  170  7:15  Roach x3  
  176  7:22  Overlord  
  176  7:24  Overlord  
Tags
 
Add a new tag
Caveats
  • Supply blocks, unpowered buildings, or Contaminate may cause inaccurate times.
  • Supply counts are checked every 10 seconds.